 Dungeon Crawl Stone Soup version 0.15.1-3-g1b33baa (webtiles) character file.

1125 Psiweapon the Cruncher (level 8, -10/45 HPs)
             Began as a Gargoyle Gladiator on Oct 9, 2014.
             Was a Follower of Okawaru.
             Mangled by a goliath beetle (22 damage)
             ... on Level 6 of the Dungeon.
             The game lasted 00:24:33 (4980 turns).

Psiweapon the Cruncher (Gargoyle Gladiator)         Turns: 4980, Time: 00:24:33

HP -10/45        AC 12     Str 19 (20) XL: 8   Next: 35%
MP   7/8         EV 15     Int 10      God: Okawaru [*.....]
Gold 207         SH  0     Dex 10      Spells:  0 memorised,  7 levels left

rFire  + . .     SeeInvis .     a - +0 quarterstaff
rCold  + . .     Clarity  .     m - +2 robe {rF+}
rNeg   + . .     rCorr    .     (no shield)
rPois  +         rRot     +     c - +0 helmet
rElec  +         Spirit   .     x - +0 cloak
SustAb +         Warding  .     (no gloves)
rMut   .         Stasis   .     (no boots)
Gourm  .                        (no amulet)
MR     .....                    k - ring of sustain abilities
                                i - ring of protection from cold

@: heroism, very slightly contaminated, hasted, very quick, not resistant to
hostile enchantments, fairly stealthy
A: negative energy resistance 1, electricity resistance, unbreathing,
petrification resistance, rot immunity, AC +5
a: Heroism, Renounce Religion


You were on level 6 of the Dungeon.
You worshipped Okawaru.
Okawaru was aware of your devotion.
You were not hungry.

You visited 2 branches of the dungeon, and saw 7 of its levels.

You collected 207 gold pieces.

Inventory:

Hand weapons
 a - a +0 quarterstaff (weapon)
 o - a +2 flail of holy wrath
Armour
 c - a +0 helmet (worn)
 m - a +2 robe of fire resistance (worn)
 t - a cursed +0 ring mail
 x - a +0 cloak (worn)
Magical devices
 b - a wand of confusion (2)
 p - a wand of flame (9)
Comestibles
 f - 2 bread rations
 r - 2 meat rations
Scrolls
 d - a scroll of enchant weapon {unknown}
 e - 3 scrolls of teleportation
 g - 2 scrolls of remove curse
 j - a scroll of fear {unknown}
 n - 2 scrolls of magic mapping
 q - 5 scrolls of identify
 u - 2 scrolls of fog
 y - a scroll of recharging {unknown}
Jewellery
 i - a ring of protection from cold (left hand)
 k - a ring of sustain abilities (right hand)
Potions
 s - 2 potions of agility
 w - a potion of brilliance


   Skills:
 - Level 2.3(7.3) Fighting
 + Level 10.0(15.0) Staves
 - Level 2.0(7.0) Throwing
 - Level 2.4(7.4) Dodging


You had 7 spell levels left.
You didn't know any spells.

Dungeon Overview and Level Annotations

Branches:
Dungeon (6/15)             Temple (1/1) D:4

Altars:
Ashenzari
Cheibriados
Dithmenos
Elyvilon
Fedhas
Kikubaaqudgha
Makhleb
Nemelex Xobeh
Okawaru
Qazlal
Sif Muna
Trog
Vehumet
Xom
Yredelemnul
Zin
The Shining One

Annotations:
D:2 cTele fire vault
D:4 Menkaure
D:5 1 exclusion


Innate Abilities, Weirdness & Mutations

You are resistant to torment.
You are immune to poison.
Your stone body is very resilient (AC +5).
You resist negative energy.
You are resistant to electric shocks.
You can survive without breathing.
You are immune to petrification.
You are immune to rotting.


Message History

You barely miss something. You miss something.
Something claws you but does no damage.
You hit something.
The iron imp hits you but does no damage.
The goliath beetle waves its antennae.
The goliath beetle bites you.
* * * LOW HITPOINT WARNING * * *
You sock something! Okawaru accepts your kill.
Reactivating autopickup.
You feel a bit more experienced.
The iron imp disappears in a puff of smoke!
You see here a wand of confusion {zapped: 6}.
You hit the goliath beetle but do no damage.
The goliath beetle is heavily wounded.
You thump the goliath beetle!
The goliath beetle is severely wounded.
b - a wand of confusion {zapped: 6} The goliath beetle bites you!!
You die...

#.###### #.# ##.......# #.###
##.## ##.###### #...# #...# #.#
###.# #...# #.# #### #.# #<..#
#.# #... #.# #####...##### ###.#
#...
##.###........ยง..#####...###...
##.#...........B......#.##..)...
#.###.#.....#..@..###.#.##.##...
#..#.#####.###.#### #.#.##.##...
#.#.## ##.## ##.#####.#.##.##...
#.#.# #.# #.#.......#.#####
##K#.# ##Z# ##.##.#.........#
.....# #.###.###.#.......#.#
...### #.#........##..#.#.###
#### ##### #..####..............
#...# #..#####..##.##.#.###


You could see a goliath beetle.

Vanquished Creatures
  Edmund (D:6)
  An ogre (D:6)
  A giant frog (D:6)
  A scorpion (D:4)
  A hippogriff skeleton (D:6)
  5 hounds
  A crimson imp (D:5)
  3 orc priests
  An iron imp (D:6)
  4 orc wizards
  Natasha (thrice) (D:6)
  3 worker ants (D:5)
  An ogre zombie (D:6)
  Jessica (D:2)
  A gnoll (D:1)
  A giant mite (D:2)
  12 adders
  A worm (D:2)
  3 giant geckos (D:3)
  An ooze (D:6)
  8 orcs
  2 ball pythons
  7 bats
  2 giant cockroaches
  12 goblins
  11 hobgoblins
  7 jackals
  A giant cockroach zombie (D:6)
  A giant gecko zombie (D:6)
  4 giant newts
  A giant newt skeleton (D:4)
  12 kobolds
  2 quokkas
  11 rats
127 creatures vanquished.

Vanquished Creatures (others)
  An ooze (D:2)
  An orc (D:6)
  A rat (D:2)
3 creatures vanquished.

Grand Total: 130 creatures vanquished

Notes
Turn   | Place    | Note
--------------------------------------------------------------
     0 | D:1      | Psiweapon, the Gargoyle Gladiator, began the quest for the Orb.
     0 | D:1      | Reached XP level 1. HP: 12/12 MP: 1/1
     3 | D:1      | Noticed an electric eel
     3 | D:1      | Noticed an electric eel
   378 | D:1      | Reached XP level 2. HP: 18/18 MP: 2/2
   654 | D:1      | Reached skill level 4 in Staves
   654 | D:1      | Reached XP level 3. HP: 6/22 MP: 3/3
  1300 | D:2      | Reached XP level 4. HP: 24/27 MP: 4/4
  1564 | D:2      | Reached skill level 5 in Staves
  1999 | D:3      | Reached XP level 5. HP: 27/31 MP: 5/5
  2229 | D:3      | Reached skill level 6 in Staves
  2547 | D:2      | Noticed Jessica
  2554 | D:2      | Killed Jessica
  2842 | D:3      | Reached XP level 6. HP: 33/36 MP: 6/6
  2996 | D:4      | Found an iron altar of Okawaru.
  3006 | D:4      | Became a worshipper of Warmaster Okawaru
  3020 | D:4      | Reached skill level 7 in Staves
  3233 | D:4      | Noticed Menkaure
  3251 | D:5      | Entered Level 5 of the Dungeon
  3357 | D:5      | Reached XP level 7. HP: 31/40 MP: 7/7
  3446 | D:5      | Reached skill level 8 in Staves
  3888 | D:4      | Found a staircase to the Ecumenical Temple.
  3893 | Temple   | Entered the Ecumenical Temple
  4286 | D:6      | Acquired Okawaru's first power
  4367 | D:6      | Reached skill level 9 in Staves
  4573 | D:6      | Reached XP level 8. HP: 30/45 MP: 5/8
  4732 | D:6      | Noticed Natasha
  4747 | D:6      | Killed Natasha
  4768 | D:6      | Noticed Natasha
  4781 | D:6      | Killed Natasha
  4848 | D:6      | Noticed Edmund
  4868 | D:6      | Killed Edmund
  4915 | D:6      | Reached skill level 10 in Staves
  4950 | D:6      | Noticed Natasha
  4976 | D:6      | Killed Natasha
  4980 | D:6      | Mangled by a goliath beetle

Action                   |  1- 3 |  4- 6 |  7- 9 || total
-------------------------+-------+-------+-------++-------
Melee: Quarterstaff      |   122 |   243 |   248 ||   613
       Whip              |       |    17 |       ||    17
Throw: Throwing net      |       |     7 |       ||     7
Invok: Heroism           |       |       |     5 ||     5
Evoke: Wand              |       |       |     1 ||     1
  Use: Scroll            |     1 |     4 |     3 ||     8
       Potion            |       |     2 |     2 ||     4
 Stab: Held in net/web   |       |     4 |       ||     4
       Sleeping          |       |       |     1 ||     1
  Eat: Chunk             |     1 |     5 |     2 ||     8
       Beef jerky        |       |     1 |       ||     1
       Meat ration       |       |     1 |       ||     1
